AoeStats
← omermelik_92

Northern Isles

510340744Analyzed
1v1 RM · 2d ago on Sep 30, 2026· 101m 9s· 2 players
Game mode
Random Map
Map size
Tiny (2 player)
Population
200
Speed
Normal
Resources
Standard
Victory
Conquest
Starting age
Dark Age
Ending age
Imperial Age
RankedLock teamsTeams togetherTeam positionsShared explorationLock speedFull tech treeHidden civsTurbo modeCheats
Victory
Defeat
🇪🇸 Inca · Spain
504
+16
🇹🇷 Turks · Türkiye
498
-16
omermelik_92
0:27 Loom
12:36 Feudal Age
13:37 Double-Bit Axe
13:54 Gold Mining
13:57 Stone Mining
14:51 Wheelbarrow
14:44 Horse Collar
18:03 Fishing Lines
24:49 Castle Age
24:55 Castle Age
26:05 Bow Saw
25:59 Heavy Plow
25:51 Gillnets
32:10 Bloodlines
34:03 Hand Cart
37:30 Gold Shaft Mining
40:19 Imperial Age
40:28 Ballistics
44:10 Elite Janissary
45:14 Conscription
46:47 Scale Barding Armor
46:43 Padded Archer Armor
46:53 Forging
46:46 Husbandry
46:22 Elite Cannon Galleon
47:10 Town Watch
48:51 Two-Man Saw
49:21 Hoardings
49:54 Artillery
54:04 Shipwright
53:31 Arrowslits
53:57 Masonry
55:19 Leather Archer Armor
55:25 Chain Barding Armor
55:41 Iron Casting
55:37 Town Patrol
65:25 Clinker Construction
65:25 Careening
65:21 Siphons
67:17 Ring Archer Armor
67:23 Plate Barding Armor
71:24 Dry Dock
71:25 Carvel Hull
71:17 Incendiaries
72:06 Medium Warships
79:45 Heavy Warships
87:23 Architecture
Moneda de 5 duros
11:41 Feudal Age
12:58 Wheelbarrow
12:06 Horse Collar
12:15 Double-Bit Axe
19:12 Champi Runner
23:44 Gold Mining
23:45 Stone Mining
26:03 Castle Age
25:23 Scale Mail Armor
25:34 Forging
25:15 Fletching
25:26 Padded Archer Armor
32:05 Hand Cart
31:53 Heavy Plow
32:05 Bow Saw
32:34 Gold Shaft Mining
32:36 Stone Shaft Mining
33:03 Thumb Ring
32:20 Champi Warrior
33:01 Squires
38:33 Iron Casting
38:13 Chain Mail Armor
37:54 Bodkin Arrow
38:14 Leather Archer Armor
39:48 Andean Sling
42:54 Imperial Age
43:03 Ballistics
43:43 Elite Champi Warrior
45:30 Blast Furnace
45:01 Plate Mail Armor
44:32 Bracer
49:50 Chemistry
51:14 Fabric Shields
50:36 Elite Kamayuk
61:21 Medium Warships
70:04 Heavy Warships
79:56 Conscription
95:36 Arson
Connection lost

Rejoining the realm…

Still unreachable

The connection could not be restored.

Session expired

The server has moved on; the page needs a fresh start.